 Dungeon Crawl Stone Soup version 0.28.0 (webtiles) character file.

Game seed: 1115324414067016707

39 horus123 the Skirmisher (level 3, -2/30 HPs)
             Began as a Barachi Gladiator on Feb 16, 2022.
             Slain by a goblin (5 damage)
             ... led by Robin
             ... on level 2 of the Dungeon.
             The game lasted 00:02:34 (1682 turns).

horus123 the Skirmisher (Barachi Gladiator)         Turns: 1682, Time: 00:02:34

Health: -2/30      AC:  5    Str: 15    XL:     3   Next: 47%
Magic:  3/3        EV: 12    Int:  8    God:
Gold:   72         SH:  0    Dex: 15    Spells: 2/2 levels left

rFire   . . .      SeeInvis .   a - +0 long sword
rCold   . . .      Faith    .   (no shield)
rNeg    . . .      Spirit   .   b - +0 leather armour
rPois   .          Reflect  .   c - +1 helmet
rElec   .          Harm     .   (no cloak)
rCorr   .          Rampage  .   (no gloves)
Will    .....                   (no boots)
Stlth   +.........              (no amulet)
HPRegen 0.10/turn               (no ring)
MPRegen 0.08/turn               (no ring)

@: slow
A: amphibious, slowness 1, strong legs 1, +LOS
a: Hop


You were on level 2 of the Dungeon.
You visited 1 branch of the dungeon, and saw 2 of its levels.

You collected 72 gold pieces.

Inventory:

Hand Weapons
 a - a +0 long sword (weapon)
 g - a +0 hunting sling of freezing
Missiles
 d - 3 throwing nets (quivered)
 i - 60 stones
 m - 6 poisoned darts
Armour
 b - a +0 leather armour (worn)
 c - a +1 helmet (worn)
Scrolls
 f - a scroll of identify {unknown}
 j - a scroll of teleportation {unknown}
Potions
 e - a potion of resistance {unknown}
 h - 3 potions of curing {unknown}
 l - a potion of haste {unknown}


   Skills:
 - Level 4.0 Fighting
 - Level 3.6 Long Blades
 + Level 1.5(2.1) Slings
 - Level 2.0(2.2) Throwing
 - Level 3.2 Dodging


You had 2 spell levels left.
You didn't know any spells.
Your spell library was empty.

Dungeon Overview and Level Annotations

Branches:
Dungeon (2/15)

Altars:

Annotations:
D:2 Robin


Innate Abilities, Weirdness & Mutations

You are amphibious.
You cover ground slowly.
You can hop short distances.
You have an extended range of vision and can be seen from far away.


Message History

You hit the goblin.
You kill the goblin!
You barely miss the hobgoblin. The hobgoblin closely misses you.
You slash the hobgoblin!
You kill the hobgoblin!
The goblin hits you with a +0 club.
You barely miss the goblin. The goblin hits you with a +0 club.
You slash the goblin!
You kill the goblin!
You closely miss the goblin. The goblin barely misses you.
Robin throws the goblin at you!
You miss the goblin. The goblin hits you with a +0 dagger.
The goblin hits you but does no damage. The goblin hits you with a +0 dagger.
Robin throws the goblin at you! The goblin hits you with a +0 club.
The goblin hits you but does no damage. Robin throws the goblin at you!
The goblin closely misses you. The goblin hits you but does no damage.
The goblin barely misses you. The goblin hits you with a +0 club.
* * * LOW HITPOINT WARNING * * *
The goblin hits you with a +0 club.
* * * LOW HITPOINT WARNING * * *
The goblin hits you but does no damage. x2
Robin roars a battlecry!
The goblin no longer looks unusually strong.
Robin throws the goblin at you!
* * * LOW HITPOINT WARNING * * *
The goblin closely misses you. The goblin misses you.
You barely miss the goblin. The goblin closely misses you.
The goblin barely misses you.
Robin roars a battlecry!
The goblin goes into a battle-frenzy!
The goblin barely misses you. x3
You slash the goblin!
You kill the goblin!
The goblin no longer looks unusually strong. x2
The hobgoblin no longer looks unusually strong.
The goblin barely misses you. Robin throws the goblin at you!
The goblin hits you with a +0 club.
* * * LOW HITPOINT WARNING * * *
The goblin hits you with a +0 dagger.
You die...

######+##
#.......#
####..g.g..#####
#gg...g@).......
#g##..g....#####
#( #.......# gg
#.......#


ggg #.......# #..g ######.## #... #.# ###+ #.# #.# You could see Robin, 2
hobgoblins and 4 goblins.

Vanquished Creatures
  2 worms (D:2)
  A dart slug (D:2)
  4 endoplasms
  A giant cockroach (D:1)
  5 goblins
  4 hobgoblins
  A quokka (D:1)
  3 ball pythons
  2 bats (D:1)
  2 frilled lizards
  4 kobolds (D:1)
29 creatures vanquished.

Notes
Turn   | Place    | Note
-------+----------+-------------------------------------------
     0 | D:1      | horus123 the Barachi Gladiator began the quest for the Orb.
     0 | D:1      | Reached XP level 1. HP: 17/17 MP: 1/1
   328 | D:1      | Found a faded altar of an unknown god.
   451 | D:1      | Reached skill level 3 in Fighting
   452 | D:1      | Reached XP level 2. HP: 19/24 MP: 2/2
  1069 | D:1      | Reached skill level 4 in Fighting
  1380 | D:2      | Reached XP level 3. HP: 30/30 MP: 3/3
  1464 | D:2      | Reached skill level 1 in Slings
  1665 | D:2      | Identified the +1 helmet of Gluttony {rElec}
  1665 | D:2      | Noticed Robin
  1682 | D:2      | Slain by a goblin

Illustrated notes

Levels and vault maps discovered:
D:1:      minmay_arrival_diagonal_passages, layout_loops_ring,
          basic_ecumenical_altar, hex_medium, grunt_decor_fettered,
          minmay_pentomino_r4
D:2:      layout_basic, uniq_robin

Skill      XL: |  1  2  3 |
---------------+----------+-----
Fighting       | 3 4 |  4.0
Slings         | 1 |  1.5
Long Blades    | |  3.6
Throwing       | |  2.0
Dodging        | |  3.2

Action                   || total
-------------------------++-------
Melee: Long sword        ||    54
       Punch             ||     1
 Fire: Hunting sling     ||    30
  Use: Scroll            ||     4
Armor: Leather armour    ||    18
Dodge: Dodged            ||    56
